Map: Ephemeron LE

Players

TSGTYTY (TY)

  • Race: Terran Terran
  • League: Grandmaster
  • Spawn Location: 11:00

DPGPartinG (PartinG) - Winner!

  • Race: Protoss Protoss
  • League: Master
  • Spawn Location: 5:00

VOD

Have the link to the VOD?

Description

Time

  • Played on: Jan. 27, 2020, 9:42 a.m.
  • Length: 24:32
Show
View Real Time Build Order
Export as new Build Order

TSGTYTY Terran 

Build Orders: Reaper Expand, Mech 

Get SALT Encoding   

  12  0:00  SCV  
  13  0:12  SCV  
  14  0:17  Supply Depot  
  14  0:24  SCV  
  15  0:38  SCV  
  15  0:39  Barracks  
  16  0:44  Refinery  
  16  0:50  SCV  
  17  1:02  SCV  
  18  1:14  SCV  
  19  1:27  Reaper  
  19  1:28  Orbital Command  
  20  1:43  Command Center  
  20  1:54  SCV  
  20  1:56  Supply Depot  
  20  1:59  Marine  
  22  2:10  SCV, Factory  
  23  2:18  Refinery  
  23  2:22  Barracks Reactor, SCV  
  24  2:34  SCV  
  25  2:46  SCV  
  26  2:54  Hellion, Starport  
  26  2:55  Orbital Command  
  28  2:58  SCV, Marine x2  
  31  3:10  SCV  
  32  3:15  Widow Mine  
  32  3:16  Marine x2  
  36  3:20  SCV  
  36  3:22  SCV  
  38  3:30  Medivac  
  38  3:33  SCV  
  41  3:34  Marine  
  41  3:35  SCV  
  41  3:38  Widow Mine  
  46  3:50  Supply Depot  
  46  3:51  SCV x2  
  45  3:58  Bunker  
  45  4:01  Supply Depot  
  45  4:02  Marine, Starport Tech Lab  
  45  4:03  SCV  
  46  4:10  Supply Depot  
  46  4:12  Widow Mine, SCV, Marine  
  46  4:15  SCV  
  51  4:17  Engineering Bay  
  53  4:24  SCV  
  53  4:27  Marine  
  53  4:28  SCV, Raven  
  53  4:29  Marine  
  53  4:30  Supply Depot  
  57  4:33  Factory Tech Lab  
  57  4:36  SCV  
  56  4:40  SCV  
  56  4:44  Supply Depot  
  57  4:48  SCV  
  57  4:52  SCV  
  54  4:53  Siege Tank  
  54  4:56  Marine x2  
  59  5:00  SCV  
  62  5:09  SCV  
  62  5:11  Missile Turret  
  62  5:12  SCV  
  62  5:14  Marine x2  
  62  5:21  SCV  
  62  5:22  Banshee  
  62  5:24  SCV  
  63  5:30  Siege Tank  
  63  5:33  SCV  
  63  5:34  Marine x2  
  69  5:39  SCV  
  70  5:49  Command Center  
  71  5:50  SCV  
  71  5:52  SCV  
  72  6:02  Supply Depot  
  74  6:04  Siege Tank  
  74  6:07  Refinery  
  74  6:08  Refinery  
  74  6:11  Banshee  
  78  6:13  Marine  
  78  6:16  Marine  
  78  6:18  SCV  
  78  6:21  SCV  
  78  6:27  Cloaking Field  
  78  6:30  SCV, Marine  
  80  6:34  Marine  
  80  6:39  Missile Turret, SCV  
  82  6:43  Siege Tank  
  82  6:45  Supply Depot  
  85  6:48  SCV  
  85  6:50  Supply Depot  
  86  6:54  Missile Turret  
  86  7:00  SCV, Banshee, Marine x2  
  92  7:02  Orbital Command  
  92  7:04  SCV  
  93  7:09  Supply Depot  
  93  7:15  SCV  
  93  7:16  SCV  
  93  7:18  Marine x2  
  97  7:23  Factory  
  97  7:24  Factory  
  97  7:27  SCV  
  97  7:28  SCV  
  97  7:32  Siege Tank, Orbital Command  
  102  7:40  SCV  
  102  7:41  SCV  
  102  7:43  Refinery  
  102  7:46  Hyperflight Rotors  
  102  7:47  Refinery  
  102  7:52  SCV, Banshee  
  102  7:53  SCV  
  107  7:59  SCV  
  107  8:04  SCV  
  106  8:10  Factory Tech Lab, Supply Depot x2  
  106  8:12  SCV  
  106  8:13  SCV, Supply Depot  
  106  8:15  Supply Depot  
  106  8:16  Siege Tank, SCV  
  111  8:21  Widow Mine x2  
  111  8:25  Bunker  
  116  8:31  Siege Tank  
  119  8:36  Supply Depot  
  119  8:37  Banshee, Armory x2, Supply Depot  
  119  8:39  SCV x2  
  119  8:40  SCV  
  123  8:43  Widow Mine x2  
  129  8:55  Missile Turret  
  129  8:58  Hellion  
  129  9:01  Sensor Tower, Supply Depot  
  129  9:04  Factory, Hellion  
  129  9:05  Factory  
  129  9:06  Hellion  
  135  9:14  Command Center  
  135  9:22  Mag-Field Accelerator  
  135  9:24  Cyclone x2  
  142  9:26  Hellion  
  142  9:28  Terran Vehicle And Ship Armor Level 1, Terran Vehicle Weapons Level 1  
  141  9:35  Banshee  
  144  9:39  Hellion, Supply Depot  
  144  9:44  Missile Turret  
  146  9:47  Missile Turret, Hellion  
  146  9:50  Supply Depot  
  146  9:52  Factory Tech Lab, Factory Reactor  
  148  9:56  Cyclone x2  
  154  10:05  Hellion  
  159  10:08  Hellion  
  159  10:11  Cyclone  
  159  10:13  Supply Depot  
  161  10:18  Banshee  
  164  10:28  Cyclone x2, Hellion  
  172  10:29  Hellion  
  172  10:30  Hellion  
  172  10:33  Refinery  
  176  10:38  Refinery, SCV x2  
  176  10:39  SCV  
  176  10:42  Missile Turret  
  178  10:45  Cyclone  
  178  10:46  Widow Mine  
  178  10:47  Missile Turret  
  185  10:50  Widow Mine x2, SCV x2  
  185  10:51  SCV  
  190  11:02  Banshee  
  189  11:11  Cyclone  
  160  11:12  Hellion x2  
  156  11:21  Hellion x2  
  156  11:22  SCV x2  
  162  11:31  Drilling Claws  
  165  11:32  Cyclone  
  165  11:33  Cyclone  
  165  11:39  Command Center  
  160  11:50  Hellion x3  
  153  12:09  Siege Tank x3  
  153  12:13  Hellion x2  
  153  12:15  Terran Vehicle Weapons Level 2  
  160  12:16  Terran Vehicle And Ship Armor Level 2  
  160  12:17  Raven  
  160  12:19  Hellion x2  
  160  12:21  SCV x2, Hellion x4  
  163  12:23  SCV  
  163  12:24  Command Center  
  164  12:36  SCV x3  
  167  12:41  Siege Tank x3  
  175  12:58  Widow Mine x4  
  183  13:01  SCV x2  
  151  13:13  Siege Tank, Banshee  
  151  13:15  SCV x2  
  150  13:23  Siege Tank  
  150  13:24  Siege Tank  
  150  13:25  Hellion  
  150  13:26  Hellion x2  
  150  13:27  Hellion  
  163  13:30  Infernal Pre-Igniter  
  163  13:35  Missile Turret  
  163  13:36  Missile Turret  
  163  13:45  Siege Tank  
  161  13:49  Hellion  
  161  13:50  Hellion  
  161  13:52  Command Center  
  161  13:55  Siege Tank, Hellion x2  
  166  13:56  Banshee  
  166  13:57  SCV x2  
  174  14:09  Hellion  
  173  14:11  Hellion  
  175  14:18  Hellion x2  
  175  14:21  Orbital Command  
  175  14:22  Widow Mine, Siege Tank  
  184  14:28  Siege Tank  
  184  14:30  Siege Tank  
  190  14:36  Widow Mine  
  192  14:40  Widow Mine  
  192  14:41  Missile Turret  
  192  14:42  Sensor Tower  
  197  14:54  Siege Tank  
  197  14:55  Refinery  
  197  14:56  Refinery  
  200  15:05  Hellion  
  196  15:22  Siege Tank  
  196  15:26  Supply Depot  
  199  15:30  Terran Ship Weapons Level 1  
  188  15:38  Starport x2  
  175  15:43  Fusion Core  
  175  15:44  SCV x2  
  175  15:45  SCV  
  175  15:48  Banshee  
  181  15:50  Siege Tank x2  
  181  15:51  Widow Mine x3  
  181  15:53  Widow Mine  
  181  15:54  Siege Tank  
  181  15:57  Command Center x2  
  175  16:12  Widow Mine  
  175  16:13  Hellion x2  
  175  16:17  SCV x2, Hellion  
  180  16:20  Starport Tech Lab  
  180  16:21  Command Center  
  180  16:22  Hellion, Starport Tech Lab  
  180  16:23  Hellion  
  184  16:27  Hellion  
  184  16:31  Hellion x2  
  186  16:34  Hellion x2  
  193  16:40  Battlecruiser  
  193  16:42  Orbital Command  
  188  17:04  Battlecruiser  
  188  17:05  Orbital Command  
  188  17:08  Battlecruiser  
  187  17:16  SCV x2  
  171  17:30  Siege Tank x3  
  177  17:38  Widow Mine x3  
  177  17:42  Widow Mine  
  185  17:53  Planetary Fortress  
  185  17:59  Battlecruiser  
  191  18:09  Refinery  
  191  18:13  Terran Vehicle And Ship Armor Level 3  
  191  18:16  SCV x2  
  191  18:18  SCV  
  194  18:28  SCV  
  194  18:33  Terran Ship Weapons Level 2  
  192  18:44  Weapon Refit  
  136  19:09  Battlecruiser x2, Hellion x7  
  149  19:10  Orbital Command  
  149  19:20  SCV  
  150  19:30  Hellion x2  
  149  19:36  Orbital Command  
  143  19:39  Hellion  
  143  19:40  Hellion x3  
  144  19:50  SCV x2  
  130  20:10  Orbital Command  
  130  20:11  Siege Tank  
  117  20:21  Orbital Command  
  117  20:22  Siege Tank  
  118  20:50  Siege Tank  
  123  21:02  Siege Tank  
  123  21:03  Raven  
  115  21:16  Siege Tank  
  115  21:31  Hellion  
  117  21:36  Siege Tank  
  118  21:44  Siege Tank  
  121  21:56  Siege Tank  
  124  22:08  Orbital Command  
  126  22:15  Siege Tank  
  124  22:38  Siege Tank  
  127  22:46  SCV x3  
  130  22:58  SCV x2, Hellion x4  
  133  23:06  Missile Turret  
  131  23:19  Supply Depot  
  131  23:32  Siege Tank  
  131  23:33  Supply Depot x2  
  114  23:39  Siege Tank  
  71  23:53  Orbital Command  
  70  23:58  Hellion x2  
Show
View Real Time Build Order
Export as new Build Order

DPGPartinG Protoss - Winner!

Build Orders: 1 Gate Expand, Zealot Archon, Archon Drop, Dark Templar Rush 

Get SALT Encoding   

  12  0:00  Probe  
  13  0:12  Probe  
  14  0:19  Pylon  
  14  0:24  Probe  
  15  0:31  Assimilator  
  15  0:37  Probe (Chrono Boost)  
  16  0:42  Gateway  
  16  0:47  Probe (Chrono Boost)  
  17  0:52  Probe (Chrono Boost)  
  18  1:04  Probe  
  19  1:16  Probe  
  20  1:23  Nexus  
  20  1:32  Cybernetics Core  
  20  1:36  Probe  
  21  1:42  Assimilator  
  21  1:48  Probe  
  21  1:51  Pylon  
  22  2:00  Probe  
  23  2:06  Stalker (Chrono Boost)  
  23  2:09  Warp Gate  
  23  2:13  Probe (Chrono Boost)  
  26  2:19  Twilight Council  
  26  2:25  Probe (Chrono Boost)  
  27  2:34  Probe (Chrono Boost)  
  27  2:36  Probe (Chrono Boost)  
  29  2:44  Probe x2 (Chrono Boost), Robotics Facility  
  31  2:49  Probe (Chrono Boost)  
  32  2:51  Probe  
  33  3:00  Dark Shrine  
  33  3:02  Probe  
  33  3:03  Probe  
  35  3:06  Pylon  
  35  3:14  Gateway  
  35  3:18  Gateway  
  35  3:25  Probe  
  36  3:27  Warp Prism (Chrono Boost)  
  36  3:32  Probe  
  39  3:37  Assimilator  
  38  3:52  Probe x2  
  39  4:00  Observer  
  40  4:04  Probe x2  
  40  4:06  Assimilator  
  40  4:08  Pylon  
  42  4:18  Dark Templar x3  
  42  4:20  Probe x2 (Chrono Boost)  
  50  4:31  Observer, Probe x2 (Chrono Boost), Pylon  
  53  4:36  Probe x2 (Chrono Boost)  
  47  4:46  Probe x2  
  49  4:59  Probe x2  
  51  5:07  Stalker x3  
  51  5:11  Probe (Chrono Boost)  
  57  5:16  Probe (Chrono Boost)  
  57  5:20  Observer  
  57  5:21  Probe (Chrono Boost)  
  58  5:25  Probe (Chrono Boost), Blink (Chrono Boost)  
  58  5:26  Probe (Chrono Boost)  
  59  5:34  Dark Templar x2  
  59  5:35  Archon, Probe  
  64  5:37  Probe  
  64  5:42  Archon  
  65  5:44  Nexus  
  65  5:48  Pylon  
  65  5:50  Probe  
  65  5:51  Probe  
  65  5:55  Observer  
  68  6:02  Stalker  
  70  6:05  Forge  
  70  6:07  Probe x2  
  68  6:19  Probe  
  68  6:20  Probe  
  68  6:24  Stalker x2  
  68  6:25  Stalker, Observer  
  77  6:30  Shield Battery  
  77  6:31  Probe  
  78  6:34  Pylon  
  78  6:36  Pylon  
  78  6:42  Pylon  
  78  6:44  Protoss Ground Weapons Level 1 (Chrono Boost), Gateway  
  78  6:52  Probe  
  78  6:53  Probe  
  80  6:55  Gateway  
  80  6:59  Probe  
  80  7:00  Observer  
  81  7:03  Charge (Chrono Boost)  
  81  7:04  Probe, Sentry x2  
  81  7:07  Stalker  
  88  7:09  Probe  
  88  7:11  Probe  
  88  7:13  Gateway  
  90  7:16  Probe  
  91  7:26  Probe  
  91  7:28  Probe  
  93  7:31  Zealot x3  
  93  7:33  Probe  
  93  7:34  Observer, Pylon  
  98  7:38  Probe  
  98  7:40  Probe, Gateway  
  98  7:41  Gateway  
  98  7:42  Warp Prism  
  98  7:50  Observer  
  98  7:54  Zealot x4  
  106  7:59  Observer  
  106  8:12  Probe x2, Assimilator  
  108  8:14  Assimilator  
  108  8:15  Probe  
  108  8:16  Observer  
  108  8:17  Templar Archives  
  109  8:24  Probe  
  109  8:25  Zealot x5  
  120  8:28  Nexus  
  120  8:29  Pylon  
  120  8:31  Phoenix x2  
  120  8:39  Probe x2  
  122  8:48  Nexus, Protoss Ground Weapons Level 2 (Chrono Boost)  
  121  8:50  Pylon  
  121  8:53  Pylon, Shield Battery  
  121  8:54  Stalker  
  123  8:56  Photon Cannon  
  123  9:03  Photon Cannon  
  123  9:07  Pylon  
  123  9:10  Observer, Probe x3  
  126  9:20  Warp Prism  
  128  9:25  Gateway  
  128  9:26  Probe x2  
  128  9:27  Probe  
  128  9:28  Gateway  
  128  9:31  Gateway  
  131  9:35  Gateway  
  131  9:36  Gateway  
  131  9:38  Observer  
  131  9:40  High Templar x2  
  131  9:41  High Templar x2  
  139  9:45  Archon  
  139  9:46  Archon  
  139  9:49  High Templar x4  
  147  9:54  Gateway  
  147  9:59  Probe x4  
  143  10:08  Robotics Bay  
  143  10:11  Probe x2  
  143  10:13  Probe  
  146  10:14  Photon Cannon  
  146  10:17  Photon Cannon  
  146  10:20  Archon x2  
  146  10:25  Observer, Gateway x2  
  146  10:27  Pylon  
  146  10:28  Pylon  
  147  10:29  Pylon  
  147  10:31  Photon Cannon  
  147  10:37  High Templar x4  
  147  10:38  Zealot x5  
  147  10:39  Zealot x3  
  171  10:43  Archon x2  
  171  10:45  Stalker  
  175  10:51  Probe (Chrono Boost)  
  175  10:53  Probe x2 (Chrono Boost), Photon Cannon  
  175  10:54  Probe x2 (Chrono Boost)  
  175  10:55  Stalker  
  178  10:59  Observer  
  178  11:00  Probe (Chrono Boost)  
  179  11:10  Observer  
  158  11:16  Stalker x9  
  160  11:23  Stalker  
  160  11:25  Zealot x5  
  166  11:36  Zealot  
  166  11:39  Stalker x3, Zealot x3  
  176  11:40  Observer, Zealot x3  
  156  11:56  Observer  
  156  12:00  Stalker x5  
  147  12:08  Zealot x10  
  146  12:09  Zealot  
  146  12:10  Gravitic Boosters (Chrono Boost)  
  160  12:17  Observer  
  160  12:18  Shield Battery x2  
  160  12:25  Zealot x5  
  169  12:33  Observer, Zealot x6  
  181  12:40  Protoss Ground Weapons Level 3 (Chrono Boost)  
  181  12:46  Zealot x4  
  189  12:54  Zealot x5  
  189  12:55  Observer  
  140  13:15  Observer  
  140  13:18  Zealot x10  
  140  13:19  Zealot x2  
  140  13:32  High Templar x4  
  148  13:35  Archon  
  148  13:36  Archon  
  148  13:40  Stargate  
  148  13:45  Zealot x7  
  148  13:47  Stargate  
  160  13:52  Zealot  
  158  13:57  Nexus  
  158  14:02  Pylon  
  158  14:05  High Templar x4  
  162  14:14  Archon  
  162  14:15  Archon  
  158  14:21  Observer  
  158  14:23  Phoenix (Chrono Boost)  
  158  14:24  Observer  
  159  14:25  Observer  
  159  14:28  Stalker x2  
  159  14:29  Stalker  
  166  14:34  Probe x2  
  166  14:35  Probe  
  166  14:38  Probe  
  170  14:45  Phoenix x2 (Chrono Boost)  
  170  14:46  Probe  
  170  14:47  Observer, Probe  
  176  14:54  Zealot x8  
  176  14:55  Zealot x4  
  200  15:00  Photon Cannon  
  200  15:01  Photon Cannon  
  199  15:20  Zealot  
  199  15:33  Pylon  
  199  15:35  Observer  
  148  15:45  High Templar x4  
  148  15:46  High Templar x2  
  148  15:47  Zealot x10  
  180  15:51  Archon  
  180  15:52  Archon x2  
  174  16:08  Nexus  
  174  16:09  Pylon  
  122  16:12  Pylon  
  122  16:14  Zealot x5  
  122  16:15  Zealot x5  
  130  16:21  High Templar x4  
  130  16:23  Zealot x2  
  142  16:26  Archon x2  
  142  16:34  Gateway  
  142  16:35  Gateway, Zealot x4  
  142  16:36  Zealot x6  
  142  16:37  Gateway  
  142  16:39  Gateway  
  160  16:44  Zealot x2  
  164  16:47  Photon Cannon  
  164  16:50  Photon Cannon  
  150  17:02  Zealot x7  
  150  17:03  Zealot x5  
  146  17:15  Zealot x3  
  146  17:16  Zealot  
  103  17:30  Stalker x3  
  103  17:31  Stalker x4  
  103  17:32  High Templar x2  
  103  17:33  Zealot x3  
  103  17:36  Archon  
  127  17:37  Photon Cannon  
  127  17:44  Zealot x3  
  127  17:45  Zealot  
  127  17:49  High Templar x2, Zealot x2  
  143  17:52  Observer  
  143  17:55  Archon  
  143  17:56  Zealot x4  
  143  17:57  Zealot x2  
  155  18:01  Zealot x3  
  161  18:12  Stalker x4  
  169  18:14  Zealot x2  
  171  18:23  Zealot  
  171  18:24  Zealot x5  
  181  18:33  Observer  
  179  18:42  Zealot x2  
  179  18:43  Zealot x9  
  199  18:54  Observer  
  156  19:01  Observer  
  104  19:03  Stalker x3  
  104  19:04  Stalker, Zealot x6  
  104  19:05  Zealot x3  
  104  19:06  Zealot  
  132  19:15  Assimilator x2  
  132  19:26  Zealot x4  
  132  19:27  Zealot x7  
  139  19:41  Stalker x2  
  139  19:42  Stalker x2  
  121  19:57  Zealot x6  
  121  19:58  Zealot x2  
  121  19:59  Stalker x2  
  129  20:01  Zealot x3  
  135  20:13  Zealot x6  
  127  20:24  Zealot x5  
  127  20:26  Zealot x2  
  120  20:45  Assimilator x2  
  120  20:47  Nexus  
  120  20:48  Pylon  
  120  20:50  Zealot  
  120  20:54  Observer, High Templar  
  120  20:55  High Templar  
  127  20:57  Zealot x7  
  127  21:00  Archon  
  127  21:03  Zealot x3  
  133  21:16  Stalker x3  
  133  21:17  Stalker x2  
  135  21:25  Stalker x4  
  127  21:35  Stalker x2  
  117  21:45  Probe x3  
  121  21:47  Probe  
  121  21:51  Assimilator  
  121  22:03  Probe (Chrono Boost)  
  125  22:11  Observer, Probe (Chrono Boost)  
  125  22:12  Probe x2 (Chrono Boost)  
  125  22:13  Probe (Chrono Boost)  
  125  22:14  Stalker x3  
  125  22:15  Stalker x4  
  140  22:16  Zealot x2  
  142  22:35  Zealot x2  
  142  22:36  Zealot x7  
  142  22:58  Zealot x9  
  146  22:59  Zealot x4  
  164  23:15  Stalker x7  
  175  23:28  Zealot x5  
  175  23:29  Zealot  
  126  23:43  Stalker x4  
  126  23:44  Stalker x2  
  136  23:59  Stalker x6  
  148  24:07  Stalker x3  
  146  24:18  Stalker x3  
Tags
 
Add a new tag
Caveats
  • Supply blocks, unpowered buildings, or Contaminate may cause inaccurate times.
  • Supply counts are checked every 10 seconds.